 Dungeon Crawl Stone Soup version 0.26.1-11-gd32895ea62 (webtiles) character file.

Game seed: 1105330818250016899

53 Zeld the Sneak (level 3, -4/24 HPs)
             Began as an Octopode Brigand on May 15, 2021.
             Was an Initiate of Fedhas.
             Killed from afar by Sigmund (10 damage)
             ... with a magic dart
             ... on level 2 of the Dungeon.
             The game lasted 00:02:27 (1477 turns).

Zeld the Sneak (Octopode Brigand)                   Turns: 1477, Time: 00:02:27

Health: -4/24      AC:  1    Str: 11    XL:     3   Next: 89%
Magic:  5/5        EV: 13    Int: 13    God:    Fedhas [......]
Gold:   51         SH:  0    Dex: 13    Spells: 5/5 levels left

rFire    . . .     SeeInvis .   a - +2 dagger
rCold    . . .     Faith    .   (no shield)
rNeg     . . .     Spirit   .   (helmet restricted)
rPois    .         Reflect  .   (no amulet)
rElec    .         Harm     .   (no ring)
rCorr    .         Rampage  .   (no ring)
Will     .....                  (no ring)
Stlth    ++++......             (no ring)
HPRegen  0.08/turn              (no ring)
MPRegen  0.09/turn              (no ring)
                                (no ring)
                                (no ring)

@: no status effects
A: almost no armour, stealthy swim, amphibious, 8 rings, constrict 8, camouflage
1, gelatinous body 1
a: Renounce Religion


You were on level 2 of the Dungeon.
You worshipped Fedhas.
Fedhas was noncommittal.
You visited 1 branch of the dungeon, and saw 2 of its levels.

You collected 51 gold pieces.

Inventory:

Hand Weapons
 a - a +2 dagger (weapon)
Missiles
 b - 8 poisoned darts (quivered)
 c - 2 curare-tipped darts
Jewellery
 d - an uncursed ring of fire {unknown}
Scrolls
 e - a scroll of teleportation
 g - 2 scrolls of immolation {unknown}
 h - 2 scrolls of remove curse {unknown}
 j - 2 scrolls of blinking {unknown}
Potions
 f - a potion of curing {unknown}
 i - a potion of haste {unknown}
 k - a potion of attraction {unknown}


   Skills:
 - Level 2.0 Fighting
 - Level 2.0 Short Blades
 * Level 3.5 Throwing
 - Level 1.0 Dodging
 - Level 5.3 Stealth
 + Level 1.5 Spellcasting


You had 5 spell levels left.
You didn't know any spells.
Your spell library was empty.

Dungeon Overview and Level Annotations

Branches:
Dungeon (2/15)

Altars:
Fedhas
Ru
Vehumet
Wu Jian

Annotations:
D:2 Sigmund


Innate Abilities, Weirdness & Mutations

You cannot wear most types of armour.
You are very stealthy in the water. (Stealth+)
You are amphibious.
You can wear up to eight rings at the same time.
You can use your tentacles to constrict eight enemies at once.
Your skin changes colour to match your surroundings (Stealth+).
Your rubbery body absorbs attacks. (AC +1, EV +1)


Message History

You hear a zap.
You hear a grinding noise.
You hear a zap.
You hear a grinding noise.
You feel less confused.
A rat comes into view.
You see here 13 sling bullets.
The jackal misses you. The jackal bites you. The jackal bites you.
Found 6 gold pieces.
The rat closely misses you. The rat bites you. The jackal bites you.
* * * LOW HITPOINT WARNING * * *
The rat barely misses you.
Sigmund casts a spell at himself.
Sigmund flickers and vanishes!
Deactivating autopickup; reactivate with Ctrl-A.
A frilled lizard comes into view.
A magic dart appears from out of thin air!
The magic dart hits you!
You die...
Fedhas appreciates your contribution to the ecosystem.

....########
...........#
...........####
..............###. ..
..l.............. .
#............... @
#.##...............
#...[..<.........$.
..
+.......@..........
###....
########.h.........
....... +.r.........
###. ..
#####......#### .##.
..####........###
..#. ..............#
.#@. ..............#
.#..## #.......{....#
†#.#.###............#


You could see a jackal, a frilled lizard (wandering) and a rat.

Vanquished Creatures
  2 adders (D:2)
  An ooze (D:1)
  2 leopard geckos (D:1)
  A ball python (D:1)
  A giant cockroach (D:1)
  3 hobgoblins (D:1)
  A kobold (D:1)
  6 bats
  2 frilled lizards (D:1)
  4 goblins (D:1)
  9 rats
32 creatures vanquished.

Notes
Turn   | Place    | Note
-------+----------+-------------------------------------------
     0 | D:1      | Zeld the Octopode Brigand began the quest for the Orb.
     0 | D:1      | Reached XP level 1. HP: 14/14 MP: 1/1
   412 | D:1      | Reached XP level 2. HP: 10/19 MP: 1/3
   597 | D:1      | Reached skill level 1 in Spellcasting
   750 | D:1      | Reached XP level 3. HP: 24/24 MP: 4/4
  1347 | D:2      | Found a sacrificial altar of Ru.
  1352 | D:2      | Found a blossoming altar of Fedhas.
  1358 | D:2      | Became a worshipper of Fedhas Madash
  1364 | D:2      | Found a radiant altar of Vehumet.
  1367 | D:2      | Found an ornate altar of the Wu Jian Council.
  1432 | D:2      | Noticed Sigmund
  1477 | D:2      | Killed from afar by Sigmund

Illustrated notes

Levels and vault maps discovered:
D:1:      kennysheep_arrival_seaside, layout_basic, hangedman_feature_mirror
D:2:      layout_basic, grunt_temple_overflow_cloverleaf, uniq_sigmund

Skill      XL: |  1  2 |
---------------+-------+-----
Spellcasting   | 1 |  1.5
Throwing       | 3 |  3.5
Fighting       | |  2.0
Short Blades   | |  2.0
Dodging        | |  1.0
Stealth        | |  5.3

Action                   || total
-------------------------++-------
Melee: Dagger            ||    47
       Constrict         ||     9
       Tentacles         ||     4
  Use: Scroll            ||     1
 Stab: Sleeping          ||    18
Armor: Skin              ||     4
Dodge: Dodged            ||    20
